 Dungeon Crawl Stone Soup version 0.30-b1-2-g02819fbbbe (webtiles) character file.

Game seed: 12712295158539220328

180 Metae the Shield-Bearer (level 5, 0/47 HPs)
             Began as a Minotaur Fighter on June 22, 2023.
             Was an Initiate of Trog.
             Engulfed by a steam dragon's steam (4 damage)
             ... on level 3 of the Dungeon.
             The game lasted 00:03:34 (1840 turns).

Metae the Shield-Bearer (Minotaur Fighter)          Turns: 1840, Time: 00:03:35

Health: 0/47       AC:  7    Str: 23    XL:     5   Next: 33%
Magic:  4/4        EV:  9    Int:  5    God:    Trog [......]
Gold:   91         SH:  9    Dex:  9    Spells: 4/4 levels left

rFire   x . .        a - +0 flail
rCold   + . .        c - +0 buckler
rNeg    + . .        b - +0 scale mail
rPois   .            (helmet restricted)
rElec   .            (no cloak)
rCorr   .            (no gloves)
SInv    .            (no boots)
Will    .....        i - amulet of reflection Stlth
                     k - ring of ice
HPRegen 0.27/turn    l - ring of positive energy
MPRegen 0.09/turn

%: reflection
@: no status effects
A: horns 2, retaliatory headbutt
a: Renounce Religion


You were on level 3 of the Dungeon.
You worshipped Trog.
Trog was noncommittal.
You visited 1 branch of the dungeon, and saw 3 of its levels.

You collected 91 gold pieces.

Inventory:

Hand Weapons
 a - a +0 flail (weapon)
 r - a +0 sling
Missiles
 e - 21 stones (quivered)
Armour
 b - a +0 scale mail (worn)
 c - a +0 buckler (worn)
Jewellery
 i - an amulet of reflection (around neck)
 k - a ring of ice (left hand)
 l - a ring of positive energy (right hand)
Wands
 n - a wand of polymorph (5)
Scrolls
 h - 2 scrolls of magic mapping {unknown}
 j - a scroll of enchant armour {unknown}
 o - a scroll of fog {unknown}
 q - a scroll of poison {unknown}
 t - a scroll of blinking {unknown}
 v - a scroll of butterflies {unknown}
 w - a scroll of teleportation {unknown}
Potions
 d - a potion of might
 f - a potion of heal wounds {unknown}
 g - 2 potions of haste {unknown}
 m - a potion of lignification {unknown}
 p - 2 potions of curing {unknown}
 s - a potion of ambrosia {unknown}
 u - a potion of berserk rage {unknown}


   Skills:
 + Level 4.6 Fighting
 + Level 3.8 Maces & Flails
 + Level 4.7 Armour
 + Level 4.7 Shields
 + Level 1.1 Evocations


You had 4 spell levels left.
You didn't know any spells.
Your spell library contained the following spells:

 Spells                   Type           Power      Damage    Failure   Level
 Blink                    Tloc           0%         N/A       93%         2
 Manifold Assault         Tloc           0%         N/A       100%        4
 Storm Form               Tmut/Air       0%         N/A       100%        7


Dungeon Overview and Level Annotations

Branches:
Dungeon (3/15)

Altars:
Trog


Innate Abilities, Weirdness & Mutations

You have a pair of horns on your head.
You reflexively headbutt those who attack you in melee.


Message History

The endoplasm is severely wounded.
You block the endoplasm's attack. x2
You sock the endoplasm!
You kill the endoplasm!
Trog accepts your kill.
You start resting.
A frilled lizard comes into view.
The frilled lizard hisses angrily.
You see here a black bear corpse.
The frilled lizard bites you but does no damage.
You hit the frilled lizard.
You kill the frilled lizard!
Trog accepts your kill.
You start resting.
HP restored.
A steam dragon comes into view.
The steam dragon hisses angrily.
You hear a shout!
The steam dragon breathes steam at you. The ball of steam misses you.
The steam dragon moves out of view.
You hear a shout! x2
An orc comes into view. It is wielding a +0 hand axe.
You are engulfed in a cloud of scalding steam.
The orc shouts!
You closely miss the steam dragon.
You are engulfed in a cloud of scalding steam.
You block the steam dragon's attack.
The steam dragon claws you but does no damage.
You hit the steam dragon.
The steam dragon is lightly wounded.
The steam dragon breathes steam at you. The ball of steam hits you!!!
The steam scalds you terribly!
Ouch! That really hurt!
* * * LOW HITPOINT WARNING * * *
The steam dragon barely misses you.
The steam dragon claws you but does no damage.
The steam dragon attacks as you move away!
The steam dragon bites you but does no damage.
You block the steam dragon's attack.
You are engulfed in a cloud of scalding steam.
You die...

#### ..# #§#
#§###########
#@..........#
#§###..###..#
#D#
#..###..######
.o#
#.............
####
#..###..#####.
#.......##..
#......###.#
###...## #.# .
##.....###.# .


You could see a steam dragon and an orc.

Vanquished Creatures
  A black bear (D:3)
  Jessica (D:3)
  3 worms
  2 dart slugs (D:2)
  7 ball pythons
  4 endoplasms
  A giant cockroach (D:2)
  8 goblins
  8 hobgoblins (D:1)
  2 jackals (D:1)
  A quokka (D:3)
  4 bats
  4 frilled lizards
  2 kobolds (D:1)
  2 rats (D:1)
50 creatures vanquished.

Notes
Turn   | Place    | Note
-------+----------+-------------------------------------------
     0 | D:1      | Metae the Minotaur Fighter began the quest for the Orb.
     0 | D:1      | Reached XP level 1. HP: 19/19 MP: 0/0
   180 | D:1      | Reached XP level 2. HP: 25/27 MP: 1/1
   241 | D:1      | Found a faded altar of an unknown god.
   578 | D:1      | Reached XP level 3. HP: 33/33 MP: 2/2
  1342 | D:2      | Found a bloodstained altar of Trog.
  1358 | D:2      | Became a worshipper of Trog the Wrathful
  1665 | D:3      | Noticed Jessica
  1672 | D:3      | Killed Jessica
  1673 | D:3      | Reached XP level 4. HP: 37/41 MP: 3/3
  1707 | D:3      | Noticed a black bear
  1725 | D:3      | Killed a black bear
  1726 | D:3      | Reached skill level 1 in Evocations
  1726 | D:3      | Reached XP level 5. HP: 22/47 MP: 4/4
  1835 | D:3      | Noticed a steam dragon
  1840 | D:3      | Engulfed by a steam dragon's steam

Illustrated notes

Levels and vault maps discovered:
D:1:      onia_arrival_mini_maze_b, layout_basic,
          hellmonk_ecumenical_altar_dog_temple, hangedman_decor_push
D:2:      layout_loops_cross, basic_altar
D:3:      layout_loops_cross, mainiacjoe_overflow_tiny_flanked, uniq_jessica

Skill      XL: |  1  2  3  4 |
---------------+-------------+-----
Armour         | 4 |  4.7
Fighting       | 4 |  4.6
Shields        | 4 |  4.7
Maces & Flails | 3 |  3.8
Evocations     | 1 |  1.1

Action                     |  1- 3 |  4- 6 || total
---------------------------+-------+-------++-------
  Melee: Flail             |    82 |    18 ||   100
         Headbutt          |    11 |     4 ||    15
 Armour: Scale mail        |    32 |    22 ||    54
  Dodge: Dodged            |    31 |    13 ||    44
  Block: Buckler           |    24 |    18 ||    42
         Reflection        |     2 |       ||     2
